 Dungeon Crawl Stone Soup version 0.32-a0-656-g3542139ebd (webtiles) character file.

Game seed: 7743461338310984508

9 ytrimaz the Changeling (level 2, -1/18 HPs)
             Began as an Octopode Shapeshifter on Mar 8, 2024.
             Slain by a jackal (3 damage)
             ... on level 1 of the Dungeon.
             The game lasted 00:00:12 (97 turns).

ytrimaz the Changeling (Octopode Shapeshifter)        Turns: 97, Time: 00:00:12

Health: -1/18      AC:  1    Str: 13    XL:     2   Next: 12%
Magic:  2/2        EV: 13    Int: 12    God:
Gold:   0          SH:  0    Dex: 11    Spells: 1/1 levels left

rFire   . .          .
                       - Unarmed
rCold   . . .        (no shield)
rNeg    . . .        (helmet currently unavailable)
rPois   .            (no amulet)
rElec   .            (no ring)
rCorr   .            (no ring)
SInv    .            (no ring)
Will    .....        (no ring)
Stlth   ++           (no ring)
HPRegen 0.23/turn    (no ring)
MPRegen 0.08/turn    (no ring)
                     (no ring)

%: no passive effects
@: beast-form
A: beast (slay +1), almost no armour, amphibious, 8 rings, camouflage 1,
gelatinous body 1, (nimble swimmer 1), tentacles
a: Begin Untransformation


You were on level 1 of the Dungeon.
You were a hulking beast.
You visited 1 branch of the dungeon, and saw 1 of its levels.


Innate Abilities, Weirdness & Mutations

You are a hulking beast.
Your limbs bulge with bestial killing power. (Slay +1)
You cannot wear most types of armour.
You are amphibious.
You can wear up to eight rings at the same time.
Your skin changes colour to match your surroundings (Stealth+).
Your rubbery body absorbs attacks. (AC +1, EV +1)
((You are camouflaged when in or above water. (Stealth+)))
You have tentacles for arms and can constrict up to eight enemies at once.


   Skills:
 - Level 1.0 Fighting
 + Level 2.3 Dodging
 + Level 3.1 Unarmed Combat
 + Level 3.1 Shapeshifting


You had one spell level left.
You didn't know any spells.
Your spell library was empty.

Inventory:

Talismans
 b - a beast talisman (active)
 c - a flux talisman
Potions
 a - a potion of lignification
 d - a potion of magic {unknown}

Dungeon Overview and Level Annotations

Branches:
Dungeon (1/15) Zot: 5902

Altars:

Annotations:
D:1 1 runed translucent door

........ ....... ......
### #.... ...## ...#...
#...# #.##.#..# #...#
#....)..# #...#
#####.#h# +##...#####
......#h# .##.......#
......†h# .##...###.#
####...†#####.##........
..............##..######
........).....##..#.....
.)##....####.###..#.....
. #....# #......#.....
#....# ######.######


You could see 2 jackals.


Message History

You see here a +0 sling.
Key pressed, stopping explore.
No target in view!
No target in view!
No target in view!
You see here a +0 sling.
A goblin and a jackal come into view.
The goblin shouts!
The jackal barks!
You hear a bark!
You hear a loud squeak.
A jackal comes into view.
The jackal moves out of view.
A jackal comes into view.
The jackal barks! x2; You hear a shout!
You closely miss the jackal. You grab the jackal. You constrict the jackal.
The jackal barely misses you.
The jackal bites you but does no damage.
You tentacle-slap the jackal.
You kill the jackal!
The goblin misses you.
Unknown command.
You tentacle-slap the goblin.
You kill the goblin!
The jackal closely misses you. The jackal barely misses you.
The jackal bites you. x2 😕 HP[-3]
You take 3 damage, and now have 10/13 hp.
MASSIVE DAMAGE!! (PAUSE)
You tentacle-slap the jackal.
You kill the jackal!
The jackal bites you. 😮 HP[-3]
You take 3 damage, and now have 7/13 hp.
MASSIVE DAMAGE!! (PAUSE)
You closely miss the jackal. Your grab misses the jackal.
The jackal barely misses you. x2 😮 HP[+1]
You are too injured to fight recklessly!
You barely miss the jackal. Your grab misses the jackal.
Your squeeze misses the jackal. The jackal bites you. 😮 HP[-1]
You take 1 damage, and now have 7/13 hp.
Unknown command.
You closely miss the jackal. You grab the jackal. You squeeze the jackal.
You kill the jackal!
A rat comes into view. 😕 HP[+3]
You regained 3 hp, and now have 10/13 hp.
A jackal comes into view.
The jackal moves out of view.
Unknown command.
A rat is nearby!
A rat is nearby!
A kobold comes into view. It is wielding a +0 short sword.
You see here a jackal corpse. 😕 HP[+1]
You closely miss the rat.
The kobold shouts!
The jackal barks!
You grab the rat. You constrict the rat.
You kill the rat!
A jackal comes into view. x2
No target in view!
Unknown command.
No target in view!
You start resting.
A jackal is nearby! 😕 HP[+1] Unknown command.
The jackal bites you. 😕 HP[-1]
You take 1 damage, and now have 11/13 hp.
The jackal attacks as it pursues you! The jackal bites you. 😮 HP[-2]
You take 2 damage, and now have 9/13 hp.
Unknown command.
You barely miss the jackal.
The jackal barks! x2
You grab the jackal. You squeeze the jackal. You constrict the jackal.
You kill the jackal!
The kobold hits you with a +0 short sword.
* * * LOW HITPOINT WARNING * * *
You have reached level 2! 😨 HP[-1] MP[+1]
You now have 18 max hp (+5).
Your mp is fully restored (2).
You miss the kobold. You grab the kobold. You constrict the kobold.
The kobold hits you with a +0 short sword.
* * * LOW HITPOINT WARNING * * *
The jackal bites you.
* * * LOW HITPOINT WARNING * * *
😱 HP[-4]
You take 4 damage, and now have 4/18 hp.
MASSIVE DAMAGE!! (PAUSE)
You tentacle-slap the kobold.
You kill the kobold!
The jackal bites you.
* * * LOW HITPOINT WARNING * * *
Unknown command. 😱 HP[-2]
You take 2 damage, and now have 2/18 hp.
You tentacle-slap the jackal. You grab the jackal. You constrict the jackal.
The jackal completely misses you. The jackal bites you.
You die...

Action                     || total
---------------------------++-------
  Melee: Unarmed           ||    12
         Constrict         ||     6
         Tentacles         ||     2
 Armour: Skin              ||    12
  Dodge: Dodged            ||     7

Levels and vault maps discovered:
D:1:      dpeg_arrival_caged_fury, layout_basic,
          dreamdust_ecumenical_altar_drowned_temple, minmay_surrounded

Notes
Turn   | Place    | Note
-------+----------+-------------------------------------------
     0 | D:1      | ytrimaz the Octopode Shapeshifter began the quest for the
                  | Orb.
     0 | D:1      | Reached XP level 1. HP: 13/13 MP: 1/1
     0 | D:1      | magus.rc [v1.9.6]
     1 | D:1      | Found a runed translucent door.
    95 | D:1      | Reached XP level 2. HP: 8/18 MP: 2/2
    95 | D:1      | HP: 4/18 [jackal (2)]
    97 | D:1      | Slain by a jackal

Vanquished Creatures
  A goblin (D:1)
  4 jackals (D:1)
  A kobold (D:1)
  A rat (D:1)
7 creatures vanquished.

Table legend:
 A = Non-vault XP
 B = Vault XP
 C = Vault XP percentage of total XP
 D = Non-vault monster count
 E = Vault monster count
 F = Vault count percentage of total count
                 A         B        C        D         E       F
            +---------+---------+-------+---------+---------+-------
      Total |      13 |       0 |   0.0 |       7 |       0 |   0.0
            +---------+---------+-------+---------+---------+-------
        D:1 |      13 |       0 |   0.0 |       7 |       0 |   0.0
            +---------+---------+-------+---------+---------+-------

Action                     || total
---------------------------++-------
  Melee: Unarmed           ||    12
         Constrict         ||     6
         Tentacles         ||     2
 Armour: Skin              ||    12
  Dodge: Dodged            ||     7

Illustrated notes

Table legend:
 A = Kills in this place as a percentage of kills in the entire game.
 B = Kills by you in this place as a percentage of kills by you in the entire game.
 C = Kills by friends in this place as a percentage of kills by friends in the entire game.
 D = Other kills in this place as a percentage of other kills in the entire game.
 E = Experience gained in this place as a percentage of experience gained in the entire game.
 F = Experience gained in this place divided by the number of levels of this place that you have seen.
                   A       B       C       D       E      F
               +-------+-------+-------+-------+-------+----------------------
         Total | 100.0 | 100.0 |   N/A |   N/A | 100.0 |  13.0
       Dungeon | 100.0 | 100.0 |   N/A |   N/A | 100.0 |  13.0
               +-------+-------+-------+-------+-------+----------------------

Table legend: (Time is in decaauts)
 A = Elapsed time spent in this place.
 B = Non-inter-level travel time spent in this place.
 C = Inter-level travel time spent in this place.
 D = Time resting spent in this place.
 E = Time spent auto-exploring this place.
 F = Levels seen in this place.
 G = Mean time per level.
                   A        B        C        D        E       F      G
               +--------+--------+--------+--------+--------+-----+--------+
         Total |     96 |     96 |      0 |      2 |     71 |   1 |   96.0 |
       Dungeon |     96 |     96 |      0 |      2 |     71 |   1 |   96.0 |
               +--------+--------+--------+--------+--------+-----+--------+

Top non-repeatable levels by time:
     D:1: 96 daAuts
